 Dungeon Crawl Stone Soup version 0.18-a0-960-g77c8fc5 (webtiles) character file.

248 Yawgmoth the Digger (level 6, -5/32 HPs)
             Began as a Gargoyle Earth Elementalist on Dec 31, 2015.
             Killed by divine providence
             ... invoked by an orc priest
              (13 damage)
             ... on level 3 of the Dungeon.
             The game lasted 00:14:53 (3036 turns).

Yawgmoth the Digger (Gargoyle Earth Elementalist)   Turns: 3036, Time: 00:14:53

Health: -5/32      AC: 16    Str: 11    XL:     6   Next: 12%
Magic:  12/12      EV:  5    Int: 18    God:
Gold:   106        SH:  0    Dex: 10    Spells: 4 memorised, 1 level left

rFire  . . .     SeeInvis +     y - +1 quarterstaff
rCold  . . .     Gourm    .     i - +4 chain mail {MR+}
rNeg   + . .     Faith    .     (shield currently unavailable)
rPois  ∞         Spirit   .     (no helmet)
rElec  +         Dismiss  .     (no cloak)
rCorr  .         Reflect  .     (no gloves)
SustAt .         Harm     .     (no boots)
MR     +....                    (no amulet)
Stlth  ..........               (no ring)
                                p - ring of see invisible

@: somewhat resistant to hostile enchantments, extremely unstealthy
A: negative energy resistance 1, electricity resistance, unbreathing,
petrification resistance, rot immunity, AC +4
a: no special abilities


You were on level 3 of the Dungeon.
You were not hungry.

You visited 1 branch of the dungeon, and saw 3 of its levels.

You collected 106 gold pieces.

Inventory:

Hand Weapons
 y - a +1 quarterstaff (weapon)
Missiles
 b - 28 stones (quivered)
 x - 2 throwing nets
Armour
 a - a +0 robe
 i - a +4 chain mail of magic resistance (worn)
Jewellery
 p - a ring of see invisible (left hand)
Wands
 z - a wand of hasting (8/9)
Scrolls
 e - a scroll of fog
 f - 5 scrolls of identify
 h - a scroll of recharging
 k - a scroll of teleportation
Potions
 g - a potion of degeneration {unknown}
 j - a potion of haste {unknown}
 r - a potion of cure mutation {unknown}
 A - a potion of magic {unknown}
Books
 c - a book of Geomancy

   Spells                             Type                      Level
   a - Sandblast                      Earth                        1
   b - Stoneskin                      Transmutation/Earth          2
   c - Passwall                       Transmutation/Earth          3
   d - Stone Arrow                    Conjuration/Earth            3
   e - Petrify                        Transmutation/Earth          4
   f - Lee's Rapid Deconstruction     Earth                        5
Comestibles
 d - a bread ration
 l - 5 fruits


   Skills:
 + Level 0.0 Fighting
 + Level 0.2 Staves
 - Level 1.5 Dodging
 - Level 2.1 Stealth
 - Level 4.2 Spellcasting
 - Level 0.7 Transmutations
 - Level 6.1 Earth Magic


You had one spell level left.
You knew the following spells:

 Your Spells              Type           Power        Failure   Level  Hunger
a - Sandblast             Erth           ####..       78%         1    None
b - Stone Arrow           Conj/Erth      ##....       100%        3    ###....
c - Passwall              Trmt/Erth      ###.......   100%        3    ###....
d - Lee's Rapid Deconstr  Erth           ####......   100%        5    ######.


Dungeon Overview and Level Annotations

Branches:
Dungeon (3/15)

Altars:


Innate Abilities, Weirdness & Mutations

You are resistant to torment.
Your stone body is resilient (AC +4).
You are immune to poison.
You resist negative energy.
You are resistant to electric shocks.
You can survive without breathing.
You are immune to petrification.
You are immune to rotting.


Message History

Something smites you!
An orc wizard comes into view. It is wielding a dagger.
The orc wizard shouts!
The orc priest hits you but does no damage.
An adder and an orc come into view.
You barely miss the orc priest.
The adder moves out of view.
The orc priest hits you but does no damage.
Your chain mail prevents you from hitting the orc priest.
The orc barely misses you. The orc priest barely misses you.
The orc barely misses you.
You hit the orc priest but do no damage.
The orc wizard mumbles some strange words.
The orc wizard blinks!
The orc priest calls down the wrath of Beogh upon you.
Pain shoots through your body!
* * * LOW HITPOINT WARNING * * *
The orc hits you but does no damage.
The orc priest mumbles some strange prayers to Beogh against you.
Something smites you!
You die...

............)...#
#####)##.######.#
<.....##.# #.#
########># #.#
#.# #.## #.# #..#
#.# ##.##
#.#...##...######
.........@.......
......?oo######
......#o##
.....##o# .....
.S§ .###. ... ##.
..


You could see 2 orc priests, an adder and 2 orcs.

Vanquished Creatures
  Ijyb (D:2)
  Terence (D:2)
  Natasha (thrice) (D:2)
  4 gnolls (D:2)
  3 adders (D:2)
  A giant gecko (D:1)
  6 bats
  2 giant cockroaches
  7 goblins
  9 hobgoblins
  4 jackals (D:2)
  2 quokkas (D:2)
  2 giant newts (D:2)
  7 kobolds
  6 rats
58 creatures vanquished.

Notes
Turn   | Place    | Note
--------------------------------------------------------------
     0 | D:1      | Yawgmoth the Gargoyle Earth Elementalist began the quest for the Orb.
     0 | D:1      | Reached XP level 1. HP: 10/10 MP: 3/3
   138 | D:1      | Reached XP level 2. HP: 15/15 MP: 1/5
   201 | D:1      | Reached skill level 4 in Earth Magic
   868 | D:2      | Noticed Ijyb
   881 | D:2      | Killed Ijyb
   881 | D:2      | Reached XP level 3. HP: 16/19 MP: 0/7
   988 | D:2      | Noticed Terence
  1316 | D:1      | Learned a level 3 spell: Stone Arrow
  1320 | D:1      | Learned a level 3 spell: Passwall
  1361 | D:2      | Reached XP level 4. HP: 21/24 MP: 0/8
  1719 | D:2      | Noticed Natasha
  1725 | D:2      | Reached skill level 5 in Earth Magic
  1728 | D:2      | Killed Natasha
  1750 | D:2      | Noticed Natasha
  1870 | D:2      | Reached XP level 5. HP: 28/28 MP: 5/10
  2142 | D:2      | Killed Natasha
  2437 | D:2      | Noticed Natasha
  2444 | D:2      | Killed Natasha
  2606 | D:2      | Learned a level 5 spell: Lee's Rapid Deconstruction
  2885 | D:2      | Killed Terence
  2885 | D:2      | Reached skill level 6 in Earth Magic
  2885 | D:2      | Reached XP level 6. HP: 32/32 MP: 1/12
  3036 | D:3      | Killed from afar by an orc priest

Vault maps used:
D:1:      lightli_arrival_boilingwater, dk_noncrumbling_3
D:2:      uniq_iyjb, uniq_natasha, uniq_terence
D:3:      grunt_dithmenos_smoke, uniq_sigmund

Action                   |  1- 3 |  4- 6 || total
-------------------------+-------+-------++-------
Melee: Short sword       |    40 |    20 ||    60
       Dagger            |     2 |       ||     2
       Spear             |       |    42 ||    42
       Quarterstaff      |       |    22 ||    22
Throw: Stone             |     1 |       ||     1
 Cast: Sandblast         |    37 |    44 ||    81
       Passwall          |       |     1 ||     1
  Use: Scroll            |       |    10 ||    10
 Stab: Sleeping          |       |     1 ||     1
       Distracted        |       |     1 ||     1
  Eat: Chunk             |     2 |     5 ||     7
